 Dungeon Crawl Stone Soup version 0.29-a0-617-g7a6b98fccd (webtiles) character file.

Game seed: 6599310190407987094

84645 DuloT34 the Fighter (level 15, -4/114 HPs)
             Began as an Octopode Fire Elementalist on June 17, 2022.
             Was an Initiate of Gozag.
             Slain by a bunyip (21 damage)
             ... on level 2 of the Swamp.
             The game lasted 02:15:47 (43188 turns).

DuloT34 the Fighter (Octopode Fire Elementalist)   Turns: 43188, Time: 02:15:48

Health: -4/114     AC: 13    Str: 18    XL:     15   Next: 81%
Magic:  27/30      EV: 21    Int: 28    God:    Gozag
Gold:   533        SH: 10    Dex: 12    Spells: 4/37 levels left

rFire   + . .      SeeInvis +   z - +8 long sword of Exhibitionism {flame, rC+ Str+3}
rCold   + . .      Faith    .   w - +0 kite shield
rNeg    + . .      Spirit   .   r - +4 hat of Prudence {rPois Stlth+}
rPois   +          Reflect  .   v - amulet of regeneration
rElec   +          Harm     .   T - ring of the Robin {Str+6 Int+4}
rCorr   .          Rampage  .   A - ring of protection from fire
Will    +....      Archmagi +   D - +4 ring of evasion
Stlth   ++++......              E - +4 ring of protection
HPRegen 1.09/turn               Z - ring of the Mage {Wiz Archmagi}
MPRegen 0.22/turn               J - ring of see invisible
                                M - +4 ring of protection
                                Q - ring "Vagoru" {rElec rN+}

@: mighty, studying Hexes
A: almost no armour, amphibious, 8 rings, camouflage 1, gelatinous body 1,
(nimble swimmer 1), tentacles
a: Renounce Religion, Potion Petition, Call Merchant, Bribe Branch


You were on level 2 of the Swamp.
You worshipped Gozag.
Gozag was pleased with you.
You visited 5 branches of the dungeon, and saw 22 of its levels.

You collected 7589 gold pieces.
You spent 4573 gold pieces at shops.
You paid 2483 gold pieces to Gozag.

Inventory:

Hand Weapons
 z - the +8 long sword of Exhibitionism (weapon) {flame, rC+ Str+3}
   (You found it on level 5 of the Dungeon)

   It burns those it strikes, dealing additional fire damage.
   Big, fiery blades are also staple armaments of hydra-hunters.
   Str:       It affects your strength (+3).
   rC:        It protects you from cold.
 I - a +0 shortbow of freezing
 P - the +8 dagger "Ivuh" {vorpal, *Rage rCorr Dex+3 SInv}
   (You bought it in a shop on level 2 of the Orcish Mines)

   It inflicts extra damage upon your enemies.
   Dex:       It affects your dexterity (+3).
   SInv:      It lets you see invisible.
   *Rage:     It berserks you when you make melee attacks (+20% chance).
   rCorr:     It protects you from acid and corrosion.
Missiles
 x - 4 throwing nets (quivered)
 V - 3 boomerangs
Armour
 g - an orb of light
 r - the +4 hat of Prudence (worn) {rPois Stlth+}
   (You acquired it on level 2 of the Lair of Beasts)

   rPois:     It protects you from poison.
   Stlth:     It makes you more stealthy.
 w - a +0 kite shield (worn)
Jewellery
 v - an amulet of regeneration (around mantle)
 A - a ring of protection from fire (right tentacle)
 D - a +4 ring of evasion (on tentacle)
 E - a +4 ring of protection (on tentacle)
 H - the amulet of Ixtaqymp {Reflect Str+4 Dex+5 SH+5}
   (You bought it in a shop on level 11 of the Dungeon)

   [amulet of reflection]

   It reflects blocked missile attacks.
   Str:       It affects your strength (+4).
   Dex:       It affects your dexterity (+5).
   SH:        It affects your SH (+5).
 J - a ring of see invisible (on tentacle)
 M - a +4 ring of protection (on tentacle)
 Q - the ring "Vagoru" (on tentacle) {rElec rN+}
   (You took it off a kobold brigand on level 10 of the Dungeon)

   [ring of positive energy]

   rElec:     It insulates you from electricity.
   rN:        It protects you from negative energy.
 T - the ring of the Robin (left tentacle) {Str+6 Int+4}
   (You bought it in a shop on level 11 of the Dungeon)

   [ring of strength]

   Str:       It affects your strength (+6).
   Int:       It affects your intelligence (+4).
 Z - the ring of the Mage (on tentacle) {Wiz Archmagi}
   (You bought it in a shop on level 2 of the Lair of Beasts)

   [ring of wizardry]

   It improves your spell success rate.
   Archmagi:  It increases the power of your magical spells.
Wands
 y - a wand of iceblast (30)
 K - a wand of light (16)
 L - a wand of digging (13)
 N - a wand of polymorph (26)
 Y - a wand of paralysis (11)
Scrolls
 c - 3 scrolls of poison
 d - a scroll of magic mapping
 e - 3 scrolls of vulnerability
 f - 7 scrolls of fog
 h - 3 scrolls of enchant armour
 j - 3 scrolls of enchant weapon
 n - 7 scrolls of teleportation
 p - a scroll of silence
 q - 3 scrolls of immolation
 F - a scroll of brand weapon
 W - 2 scrolls of fear
 X - 4 scrolls of identify
Potions
 a - 4 potions of magic
 i - 6 potions of mutation
 l - 4 potions of heal wounds
 m - 2 potions of resistance
 o - 3 potions of lignification
 s - a potion of cancellation {unknown}
 t - 2 potions of haste
 u - 2 potions of attraction {unknown}
 B - 2 potions of might
 C - 6 potions of curing
 G - a potion of brilliance {unknown}
 R - 5 potions of flight {unknown}
 S - a potion of ambrosia
Miscellaneous
 b - a piece from Xom's chessboard (15/15)
 O - a box of beasts (inert)
 U - a phantom mirror (inert)


   Skills:
 + Level 14.3 Fighting
 - Level 4.4 Long Blades
 + Level 13.1 Dodging
 - Level 2.6 Stealth
 + Level 9.1 Shields
 - Level 11.7 Spellcasting
 - Level 8.0 Conjurations
 + Level 10.5 Fire Magic


You had 4 spell levels left.
You knew the following spells:

 Your Spells              Type           Power      Damage    Failure   Level
a - Foxfire               Conj/Fire      100%       2x1d9     1%          1
b - Scorch                Fire           100%       2d10      1%          2
c - Blink                 Tloc           48%        N/A       4%          2
d - Summon Lightning Spi  Summ/Air       24%        N/A       30%         4
e - Inner Flame           Hex/Fire       62%        N/A       1%          3
f - Flame Wave            Conj/Fire      80%        2d14      1%          4
g - Dazzling Flash        Conj/Hex       100%       N/A       1%          3
h - Mephitic Cloud        Conj/Pois/Air  47%        N/A       3%          3
i - Ignite Poison         Fire/Tmut/Pois 53%        N/A       2%          3
j - Ignition              Fire           42%        3d12      92%         8

Your spell library contained the following spells:

 Spells                   Type           Power      Damage    Failure   Level
 Magic Dart               Conj           100%       1d8       1%          1
 Conjure Flame            Conj/Fire      80%        6-21      1%          3
 Sticky Flame             Conj/Fire      80%        2d9       1%          4
 Beastly Appendage        Tmut           48%        N/A       3%          1
 Freeze                   Ice            96%        1d11      3%          1
 Summon Small Mammal      Summ           96%        N/A       3%          1
 Call Imp                 Summ           24%        N/A       4%          2
 Wereblood                Tmut           24%        N/A       4%          2
 Hailstorm                Conj/Ice       55%        3d12      6%          4
 Call Canine Familiar     Summ           24%        N/A       10%         3
 Frozen Ramparts          Ice            48%        1d6       10%         3
 Lesser Beckoning         Tloc           24%        N/A       10%         3
 Spider Form              Tmut/Pois      24%        N/A       10%         3
 Summon Guardian Golem    Hex/Summ       24%        N/A       10%         3
 Fireball                 Conj/Fire      40%        3d16      1%          5
 Starburst                Conj/Fire      40%        6d11      11%         6
 Freezing Cloud           Conj/Ice/Air   23%        6-21      28%         5
 Agony                    Necr           24%        N/A       61%         5
 Borgnjor's Vile Clutch   Necr/Erth      12%        N/A       61%         5
 Manifold Assault         Tloc           24%        N/A       61%         5
 Silence                  Hex/Air        12%        N/A       61%         5
 Spellforged Servitor     Conj/Summ      27%        N/A       99%         7
 Storm Form               Tmut/Air       12%        N/A       100%        7
 Maxwell's Capacitive Co  Air            12%        ∞         100%        8
 Animate Armour           Summ/Erth      Unusable   N/A       N/A         4

Dungeon Overview and Level Annotations

Branches:
Dungeon (11/15)            Temple (1/1) D:5            Lair (6/6) D:11
  Swamp (2/4) Lair:4        Snake (0/4) Lair:3        Slime (0/5) Lair:5
    Orc (2/2) D:11            Elf (0/3) Orc:2

Altars:
Ashenzari
Dithmenos
Fedhas
Gozag
Kikubaaqudgha
Makhleb
Nemelex Xobeh
Okawaru
Qazlal
Ru
Trog
Uskayaw
Vehumet
Xom
Zin
The Shining One
Beogh
Jiyva
Lugonu

Shops:
D:2 ?[*=   D:7 [   D:11 ==   Orc:2 *[:(   Lair:2 =

Portals:
Abyss: Lair:6

Annotations:
D:4 3 runed translucent doors, gearnest's ghost, weakling DrMo
D:6 2 transporters
D:7 3 runed translucent doors, anonymous's ghost, novice DEEE
D:8 4 runed translucent doors, MagicSucks's ghost, novice NaGl
Lair:1 exclusion: oklob plant
Lair:5 1 runed translucent door, exclusion: ice statue
Orc:2 3 runed translucent doors, exclusion: obsidian statue, smoky173's ghost, journeyman GrEE


Innate Abilities, Weirdness & Mutations

You cannot wear most types of armour.
You are amphibious.
You can wear up to eight rings at the same time.
Your skin changes colour to match your surroundings (Stealth+).
Your rubbery body absorbs attacks. (AC +1, EV +1)
((You are camouflaged when in or above water. (Stealth+)))
You have tentacles for arms and can constrict up to eight enemies at once.


Message History

You block the hornet's attack.
The six-headed hydra completely misses you.
The six-headed hydra misses you. The six-headed hydra bites you.
You block the six-headed hydra's attack.
The six-headed hydra barely misses you.
The six-headed hydra bites you but does no damage.
The spriggan rider hits you from afar with a +0 spear!
The alligator is engulfed in noxious fumes.
The alligator bites you!! The alligator misses you.
The hornet is engulfed in noxious fumes.
The hornet appears confused.
You feel better. The six-headed hydra bites you.
The six-headed hydra closely misses you.
The six-headed hydra bites you! The six-headed hydra bites you.
* * * LOW HITPOINT WARNING * * *
The six-headed hydra completely misses you. x2
You block the spriggan rider's attack.
The alligator is engulfed in noxious fumes.
The alligator appears confused.
The alligator closely misses you. You block the alligator's attack.
The hornet is engulfed in noxious fumes.
The hornet appears confused.
The bunyip howls a warning cry!
The alligator is engulfed in noxious fumes.
You hear an angry buzzing noise. x3
You feel much better.
The hornet stings the six-headed hydra.
You block the six-headed hydra's attack.
The six-headed hydra closely misses you.
The six-headed hydra misses you. The six-headed hydra bites you!
You block the six-headed hydra's attack.
The six-headed hydra completely misses you.
The spriggan rider hits you but does no damage.
The spriggan druid gestures at you while chanting.
The stone arrow misses you.
The stone arrow hits the six-headed hydra!!
The bunyip misses you. The bunyip claws you!!
* * * LOW HITPOINT WARNING * * *
The bunyip claws you!!
You die...
Your body crumbles into a pile of gold.

.♣≈.. ≈≈§.♣♣ ♣♣ .
. ..≈.♣♣♣.♣.≈ ≈.♣
♣≈≈....≈.≈≈
≈≈...≈w≈≈..≈≈≈≈
≈....♣...≈≈.≈≈≈
♣.♣^≈☼.☼i.≈≈≈♣≈≈≈≈
...≈≈y○@x≈..≈≈♣≈≈.
≈.≈≈≈°Dt.≈.♣♣.≈≈≈≈
≈.≈≈≈≈≈i≈≈≈.♣.≈≈♣
..≈≈≈≈≈≈≈≈≈.♣≈≈≈♣
...≈≈≈≈≈≈$$≈≈.≈≈♣♣
.≈..≈≈≈≈≈≈$$≈.≈...
♣.≈..≈≈≈$$.≈≈.♣
≈≈≈≈......≈≈..♣ $
♣♣♣♣♣≈≈≈≈.♣♣


You could see a bunyip (catching breath), an alligator (swift, confused), a
six-headed hydra, a tyrant leech, a spriggan rider, a spriggan druid and a
hornet (confused).

Vanquished Creatures
  An eleionoma (Swamp:1)
  A bunyip (Swamp:1)
  Josephine (Lair:5)
  Harold (D:11)
  2 boulder beetles (Lair:5)
  9 hydras
  A catoblepas (Lair:5)
  A death knight (D:10)
  A ghost crab (Swamp:2)
  3 two-headed ogres
  An alligator (Swamp:1)
  4 death yaks (Lair:6)
  An orc high priest (Orc:2)
  2 thrashing horrors (Lair:6)
  Urug (Lair:1)
  7 spriggans
  A death drake (shapeshifter) (Lair:6)
  A bog body (Swamp:1)
  4 orc knights (Orc:2)
  5 ugly things
  A deep elf pyromancer (D:9)
  2 orc sorcerers (Orc:2)
  A cyclops (D:10)
  9 elephants
  Maurice (D:8)
  A black mamba (shapeshifter) (Lair:6)
  9 black mambas
  5 kobold demonologists (D:10)
  2 smoke demons (Lair:6)
  2 gargoyles
  An unseen horror (D:9)
  Maggie (D:9)
  15 cane toads
  8 komodo dragons
  7 rime drakes
  A tengu conjurer (D:10)
  3 polar bears
  2 ancient zymes (Lair:6)
  5 trolls
  A meliai (shapeshifter) (Lair:6)
  9 hornets
  A slime creature (D:7)
  32 blink frogs
  A shadow (D:11)
  5 wraiths
  10 wyverns
  2 large abominations (Lair:6)
  2 ynoxinuls (Lair:6)
  7 basilisks
  Grum (D:8)
  44 yaks
  A vampire (D:11)
  8 vampire mosquitoes
  A swamp worm (Swamp:2)
  Menkaure (D:6)
  2 acid dragons
  3 wargs
  23 water moccasins
  35 orc warriors
  9 small abominations (Lair:6)
  2 swamp drakes
  3 ice beasts
  A black bear (D:7)
  A boggart (D:10)
  25 wolves
  4 centaurs
  4 ogres
  Blork the orc (D:6)
  2 phantoms
  20 bullfrogs
  4 kobold brigands
  2 gnoll sergeants
  5 scorpions
  A necrophage (D:4)
  5 wights (D:6)
  13 killer bees
  An electric eel (Lair:5)
  6 howler monkeys
  4 hounds
  23 orc priests
  5 iguanas
  32 orc wizards
  14 hell rats
  13 gnolls
  5 adders
  2 shadow imps
  17 white imps
  An ufetubus (D:5)
  A worm (D:2)
  6 dart slugs
  88 orcs
  2 endoplasms
  4 giant cockroaches
  3 goblins
  12 hobgoblins
  11 jackals
  23 kobolds
  4 quokkas
  3 ball pythons
  10 bats
  4 frilled lizards
  5 rats
714 creatures vanquished.

Vanquished Creatures (collateral kills)
  A fenstrider witch (Swamp:1)
  An orc warlord (Orc:2)
  A smoke demon (Lair:6)
  An orc warrior (Orc:2)
  An orc wizard (Orc:2)
  5 foxfires
10 creatures vanquished.

Vanquished Creatures (others)
  A bush (Lair:1)
  A demonic plant (D:6)
  776 foxfires
  37 fungi
  129 plants
944 creatures vanquished.

Grand Total: 1668 creatures vanquished

Notes
Turn   | Place    | Note
-------+----------+-------------------------------------------
     0 | D:1      | DuloT34 the Octopode Fire Elementalist began the quest for
                  | the Orb.
     0 | D:1      | Reached XP level 1. HP: 11/11 MP: 3/3
   104 | D:1      | Reached XP level 2. HP: 16/18 MP: 1/5
   717 | D:1      | Reached skill level 1 in Fighting
   893 | D:1      | Reached XP level 3. HP: 23/23 MP: 6/6
  1139 | D:1      | Learned a level 2 spell: Scorch
  2085 | D:2      | Found Jioxt's Assorted Antiques.
  2118 | D:2      | Found Ywunymnu's Jewellery Shoppe.
  2390 | D:2      | Found Qeiplesi's Antique Armour Emporium.
  2527 | D:2      | Found a faded altar of an unknown god.
  2557 | D:2      | Found Wuosh's Magic Scroll Shop.
  2727 | D:3      | Reached XP level 4. HP: 28/28 MP: 0/7
  3252 | D:3      | Noticed a scorpion
  3255 | D:3      | Killed a scorpion
  3256 | D:3      | Reached skill level 2 in Fighting
  3256 | D:3      | Reached XP level 5. HP: 34/34 MP: 3/9
  3359 | D:3      | Learned a level 2 spell: Blink
  3363 | D:3      | Learned a level 3 spell: Conjure Flame
  4502 | D:4      | Reached XP level 6. HP: 20/41 MP: 1/11
  4891 | D:4      | Reached skill level 3 in Fighting
  5571 | D:4      | Found a runed translucent gate.
  5571 | D:4      | Found a runed translucent gate.
  5571 | D:4      | Found a runed translucent gate.
  5574 | D:4      | Noticed gearnest's ghost (weakling DrMo)
  5651 | D:4      | Noticed an ice beast
  5659 | D:4      | Killed an ice beast
  5660 | D:4      | Reached XP level 7. HP: 37/46 MP: 0/12
  6033 | D:5      | Entered Level 5 of the Dungeon
  6041 | D:5      | Reached skill level 5 in Fire Magic
  6225 | D:5      | Found a staircase to the Ecumenical Temple.
  6231 | Temple   | Entered the Ecumenical Temple
  6274 | Temple   | Became a worshipper of Gozag Ym Sagoz the Greedy
  6775 | D:5      | Reached skill level 4 in Fighting
  6779 | D:5      | Learned a level 3 spell: Inner Flame
  6956 | D:5      | Reached skill level 5 in Dodging
  6969 | D:5      | Reached XP level 8. HP: 54/54 MP: 0/13
  7297 | D:5      | Identified the +8 long sword of Exhibitionism {flame, rC+
                  | Str+3}
  8189 | D:6      | Reached skill level 5 in Fighting
  8866 | D:6      | Noticed Menkaure
  8876 | D:6      | Killed Menkaure
  9027 | D:6      | Found a transporter.
  9044 | D:6      | Noticed a troll
  9067 | D:6      | Killed a troll
  9068 | D:6      | Reached skill level 6 in Fighting
  9068 | D:6      | Reached XP level 9. HP: 62/62 MP: 1/14
  9954 | D:6      | Noticed Blork the orc
  9975 | D:6      | Killed Blork the orc
 10502 | D:6      | Found a transporter.
 10545 | D:7      | Noticed anonymous's ghost (novice DEEE)
 10545 | D:7      | Found a runed translucent door.
 10545 | D:7      | Found a shimmering altar of Xom.
 10546 | D:7      | Noticed a +1 scimitar of chaos
 11034 | D:7      | Found Moore's Dragon-Slaying Spoils.
 11207 | D:7      | Reached skill level 7 in Fighting
 11387 | D:7      | Found a runed translucent door.
 11389 | D:7      | Found a runed translucent door.
 11478 | D:7      | Got Gupraon's Guide on Stones and Attacks
 11609 | D:7      | Reached XP level 10. HP: 71/71 MP: 0/17
 11996 | D:8      | Noticed MagicSucks's ghost (novice NaGl)
 11996 | D:8      | Found a runed translucent gate.
 11996 | D:8      | Found a runed translucent gate.
 11996 | D:8      | Found a runed translucent gate.
 12001 | D:8      | Noticed Grum
 12017 | D:7      | Reached skill level 5 in Spellcasting
 12275 | D:8      | Killed Grum
 12422 | D:8      | Found a runed translucent door.
 12473 | D:8      | Found an iron altar of Okawaru.
 12497 | D:8      | Noticed Maurice
 12511 | D:8      | Killed Maurice
 12721 | D:8      | Found a hide-covered altar of Uskayaw.
 13353 | D:8      | Reached skill level 8 in Fighting
 13818 | D:2      | Bought a +4 ring of protection for 468 gold pieces
 15114 | D:9      | Noticed an unseen horror
 15118 | D:9      | Killed an unseen horror
 15305 | D:9      | Noticed Maggie
 15561 | D:9      | Killed Maggie
 15562 | D:9      | Reached XP level 11. HP: 69/78 MP: 7/20
 15587 | D:9      | Learned a level 4 spell: Flame Wave
 16003 | D:9      | Noticed a deep elf pyromancer
 16197 | D:9      | Learned a level 3 spell: Dazzling Flash
 16411 | D:10     | Entered Level 10 of the Dungeon
 16670 | D:10     | Noticed a sixfirhy
 16871 | D:9      | Killed a deep elf pyromancer
 17027 | D:10     | Reached skill level 9 in Fighting
 17063 | D:10     | Noticed a sixfirhy
 17975 | D:10     | Noticed a two-headed ogre
 18012 | D:10     | Noticed a death knight
 18364 | D:10     | Reached skill level 1 in Shields
 18986 | D:10     | Killed a death knight
 18987 | D:10     | Reached skill level 10 in Fire Magic
 19602 | D:10     | Noticed a cyclops
 19604 | D:10     | Identified the ring "Vagoru" {rElec rN+}
 19609 | D:10     | Killed a cyclops
 19611 | D:10     | Reached skill level 10 in Dodging
 19844 | D:10     | Reached XP level 12. HP: 87/87 MP: 14/23
 19861 | D:10     | Learned a level 3 spell: Mephitic Cloud
 19865 | D:10     | Learned a level 3 spell: Ignite Poison
 20348 | D:10     | Killed a two-headed ogre
 20349 | D:10     | Reached skill level 10 in Fighting
 20652 | D:11     | Noticed a two-headed ogre
 20659 | D:11     | Killed a two-headed ogre
 20971 | D:11     | Found a radiant altar of Vehumet.
 20971 | D:11     | Noticed an eight-headed hydra
 21094 | D:11     | Found a staircase to the Orcish Mines.
 22176 | D:11     | Found a staircase to the Lair.
 22637 | D:11     | Killed an eight-headed hydra
 22638 | D:11     | Reached skill level 5 in Shields
 22999 | D:11     | Noticed Harold
 23009 | D:11     | Killed Harold
 23955 | Lair:1   | Entered Level 1 of the Lair of Beasts
 24290 | D:2      | Bought a +6 ring of strength for 760 gold pieces
 24593 | Lair:1   | Reached skill level 11 in Fighting
 24595 | Lair:1   | Reached skill level 5 in Conjurations
 24651 | Lair:1   | Found a frozen archway.
 24755 | Lair:1   | Reached XP level 13. HP: 91/95 MP: 22/26
 24758 | Lair:1   | Identified the +5 long sword "Zegec" {vorpal, rN+ Str+2}
 24967 | Lair:1   | Found a blossoming altar of Fedhas.
 25167 | Lair:1   | Noticed Urug
 25192 | Lair:1   | Killed Urug
 26134 | Lair:2   | Bought the ring of the Mage {Wiz Archmagi} for 765 gold
                  | pieces
 26134 | Lair:2   | Found the ring of the Mage {Wiz Archmagi}
 26218 | Lair:2   | Identified a scroll of acquirement
 26218 | Lair:2   | Acquired the +4 hat of Prudence {rPois Stlth+}
 26505 | Lair:2   | Found a radiant altar of Vehumet.
 27304 | Lair:3   | Reached skill level 10 in Spellcasting
 27341 | Lair:3   | Reached skill level 12 in Fighting
 27725 | Lair:3   | Found a staircase to the Snake Pit.
 28238 | Lair:4   | Found a staircase to the Swamp.
 28575 | Lair:4   | Reached XP level 14. HP: 102/104 MP: 18/28
 29492 | Lair:5   | Noticed Josephine
 29502 | Lair:5   | Killed Josephine
 31246 | Lair:5   | Reached skill level 13 in Fighting
 31446 | Lair:5   | Learned a level 4 spell: Summon Lightning Spire
 31553 | Lair:5   | Found a runed translucent door.
 31554 | Lair:5   | Found a viscous altar of Jiyva.
 31554 | Lair:5   | Noticed an acid blob
 31559 | Lair:5   | Found a staircase to the Slime Pits.
 32003 | Lair:6   | Entered Level 6 of the Lair of Beasts
 33766 | Lair:6   | Reached skill level 1 in Long Blades
 34236 | Lair:6   | Reached XP level 15. HP: 46/111 MP: 1/30
 35403 | Lair:6   | Found a corrupted altar of Lugonu.
 35403 | Lair:6   | Found a one-way gate to the infinite horrors of the Abyss.
 35792 | Orc:1    | Entered Level 1 of the Orcish Mines
 35798 | D:11     | Bought the ring of the Robin {Str+6 Int+4} for 812 gold
                  | pieces
 37415 | Orc:2    | Entered Level 2 of the Orcish Mines
 37954 | D:11     | Bought the amulet of Ixtaqymp {Reflect Str+4 Dex+5 SH+5}
                  | for 838 gold pieces
 38200 | Orc:2    | Found a runed translucent gate.
 38200 | Orc:2    | Found a runed translucent gate.
 38200 | Orc:2    | Found a runed translucent gate.
 38205 | Orc:2    | Found an opulent altar of Gozag.
 38212 | Orc:2    | Noticed smoky173's ghost (journeyman GrEE)
 38514 | Orc:2    | Found a staircase to the Elven Halls.
 39146 | Orc:2    | Noticed an orc warlord
 39465 | Orc:2    | Killed an orc warlord
 40212 | Orc:2    | Reached skill level 14 in Fighting
 40456 | Orc:2    | Found Zichufapn's Antique Armour Emporium.
 40464 | Orc:2    | Found Kohaopsi's General Store.
 40704 | Orc:2    | Found Tace's Antique Weapon Emporium.
 40710 | Orc:2    | Bought a transparent dagger for 182 gold pieces
 40710 | Orc:2    | Identified the +8 dagger "Ivuh" {vorpal, *Rage rCorr Dex+3
                  | SInv} (You bought it in a shop on level 2 of the Orcish
                  | Mines)
 40824 | Orc:2    | Found Katedipp's Book Emporium.
 40830 | Orc:2    | Bought a book of Fire for 748 gold pieces
 40839 | Orc:2    | Learned a level 8 spell: Ignition
 41303 | Swamp:1  | Entered Level 1 of the Swamp
 41880 | Swamp:1  | Noticed a fenstrider witch
 41882 | Swamp:1  | Paralysed by a fenstrider witch for 4 turns
 42166 | Swamp:1  | Killed a fenstrider witch
 43188 | Swamp:2  | Slain by a bunyip

Illustrated notes

Levels and vault maps discovered:
D:1:      lemuel_arrival_rhombus, layout_basic, minmay_small_reverse_x
D:2:      layout_rooms, shapermc_ecumenical_altar_mp_vishouse, serial_shops,
          shop, nicolae_shop_temple_entry_statues_fountains, shop, shop
D:3:      minmay_chambers_of_twos, layout_basic
D:4:      layout_basic, gammafunk_ghost_necromancy, grunt_decor_junction,
          minmay_misc_feat_plants, kennysheep_diamond, minmay_surrounded
D:5:      layout_loops_corners, minmay_temple_entry_hall
D:6:      gammafunk_cloud_chamber, layout_basic, serial_demonic,
          serial_demonic_f, serial_demonic_b, serial_demonic_b,
          serial_demonic_d, grunt_tough_drop, uniq_menkaure, uniq_blork_the_orc
D:7:      lemuel_insect_pit, layout_gridville, ebering_ghost_xom, minivault_5,
          nicolae_shop_dragon_depot, minmay_small_thing
D:8:      layout_loops_corners, overflow_temple_1_default,
          mainiacjoe_overflow_brackets, gammafunk_ghost_nasty_kobolds,
          serial_glass, glass_columns_a, glass_columns_b,
          minmay_tree_intersection, lightli_church_of_beogh, uniq_maurice,
          uniq_grum
D:9:      layout_rooms, uniq_maggie
D:10:     cheibrodos_ideogram_h, layout_small_grid
D:11:     layout_irregular_city, minmay_lair_entry_grove,
          minmay_orc_entry_guard_dogs, nicolae_vehumet_altar_sigil, uniq_harold
Temple:   regret_index_temple_chain_breaker
Lair:1:   layout_long_grid, gauntlet_entry_generic, portal_ice_cave_entry_imps,
          cheibrodos_lair_caveside_slide, hangedman_tree_tricks,
          nicolae_lair_grazing_beasts [nicolae_sub_lair_graze_edge,
          nicolae_sub_lair_graze_edge, nicolae_sub_lair_graze_edge,
          nicolae_sub_lair_graze_edge], uniq_urug
Lair:2:   layout_regular_city, basic_altar, infiniplex_staircase_pool_2
Lair:3:   layout_loops_ring, minmay_snake_entry_six_corridors,
          beast_lair_carwin_10
Lair:4:   layout_roguey, minmay_swamp_entry_reptiles, lookout_lair_type
Lair:5:   statuecave_lemuel, layout_long_grid, slime_altar_2,
          nicolae_quartered_pool_super, serial_bayou_lagoon_a,
          serial_bayou_shore_b, serial_bayou_shore_a, uniq_josephine
Lair:6:   hellmonk_lair_end_abyssal_woods, layout_cave_shapes,
          serial_bayou_shore_b
Swamp:1:  layout_falls_marsh, evilmike_swamp_ruin_rubble_1, swamp_pool1
Swamp:2:  layout_falls_marsh, evilmike_swamp_ruin_rubble_2,
          infiniplex_staircase_pool, uniq_donald
Orc:1:    layout_diamond_mine, basic_altar, minmay_orc_temple_b
Orc:2:    grunt_orc_cross, layout_caves, ebering_ghost_gozag, mines_bat_river

Skill      XL: |  1  2  3  4  5  6  7  8  9 10 11 12 13 14 15 |
---------------+----------------------------------------------+-----
Fighting       | 1 2 3 4 6 7 8 9 11 12 13 14 | 14.3
Dodging        | 3 4 5 6 7 8 10 11 12 13 | 13.1
Spellcasting   | 3 4 6 7 9 10 11 | 11.7
Fire Magic     | 4 5 7 8 9 10 | 10.5
Shields        | 3 5 7 8 9 |  9.1
Conjurations   | 5 6 7 8 |  8.0
Long Blades    | 2 4 |  4.4
Stealth        | |  2.6

Action                   |  1- 3 |  4- 6 |  7- 9 | 10-12 | 13-15 || total
-------------------------+-------+-------+-------+-------+-------++-------
Melee: Dagger            |    51 |    20 |    12 |       |       ||    83
       Constrict         |    15 |     4 |    19 |    22 |   106 ||   166
       Unarmed           |     3 |       |       |       |       ||     3
       Tentacles         |     9 |     2 |    19 |    29 |   169 ||   228
       Whip              |       |       |    26 |       |       ||    26
       Punch             |       |       |     2 |     3 |    15 ||    20
       Long sword        |       |       |    34 |   139 |   512 ||   685
Throw: Throwing net      |       |       |       |       |     1 ||     1
 Cast: Foxfire           |    34 |    54 |   103 |   178 |   107 ||   476
       Scorch            |    10 |    35 |    82 |   213 |   113 ||   453
       Conjure Flame     |       |     1 |     9 |    19 |       ||    29
       Inner Flame       |       |       |       |     1 |       ||     1
       Mephitic Cloud    |       |       |       |    16 |   202 ||   218
       Ignite Poison     |       |       |       |     9 |   100 ||   109
       Dazzling Flash    |       |       |       |     1 |     3 ||     4
       Flame Wave        |       |       |       |       |    26 ||    26
       Summon Lightning  |       |       |       |       |     4 ||     4
Invok: Call Merchant     |       |       |       |       |     3 ||     3
Evoke: Wand              |       |       |     5 |    14 |    18 ||    37
       Box of beasts     |       |       |       |     1 |     1 ||     2
       Phantom mirror    |       |       |       |       |     2 ||     2
  Use: Scroll            |     2 |     6 |     4 |     4 |    13 ||    29
       Potion            |       |       |     1 |     3 |     7 ||    11
 Stab: Sleeping          |     4 |       |     2 |     2 |     8 ||    16
       Distracted        |       |       |       |     1 |     7 ||     8
       Confused          |       |       |       |       |    14 ||    14
       Petrified         |       |       |       |       |     2 ||     2
Armor: Skin              |     5 |     3 |     4 |    48 |   130 ||   190
Dodge: Dodged            |    38 |    39 |    66 |   301 |   594 ||  1038
Block: Buckler           |     5 |     9 |    15 |    76 |    27 ||   132
       Kite shield       |       |       |       |       |   421 ||   421

Table legend: (Time is in decaauts)
 A = Elapsed time spent in this place.
 B = Non-inter-level travel time spent in this place.
 C = Inter-level travel time spent in this place.
 D = Time resting spent in this place.
 E = Time spent auto-exploring this place.
 F = Levels seen in this place.
 G = Mean time per level.
                   A        B        C        D        E       F      G
               +--------+--------+--------+--------+--------+-----+--------+
         Total |  43553 |  40913 |   2640 |  19244 |  15133 |  22 | 1979.7 |
       Dungeon |  24936 |  23085 |   1851 |  11331 |   8376 |  11 | 2266.9 |
        Temple |     69 |     59 |     10 |      0 |     45 |   1 |   69.0 |
          Lair |  11869 |  11374 |    495 |   4835 |   4515 |   6 | 1978.2 |
         Swamp |   1364 |   1352 |     12 |    789 |    359 |   2 |  682.0 |
  Orcish Mines |   5314 |   5043 |    271 |   2288 |   1838 |   2 | 2657.0 |
               +--------+--------+--------+--------+--------+-----+--------+

Top non-repeatable levels by time:
    D:10: 4116 daAuts
   Orc:2: 2952 daAuts
  Lair:6: 2947 daAuts
     D:8: 2645 daAuts
  Lair:4: 2629 daAuts
     D:6: 2601 daAuts
  Lair:5: 2583 daAuts
    D:11: 2481 daAuts
     D:9: 2387 daAuts
   Orc:1: 2362 daAuts
     D:5: 2235 daAuts
     D:4: 2135 daAuts
     D:1: 2009 daAuts
     D:7: 1795 daAuts
     D:3: 1738 daAuts
